 Dungeon Sprint DCSS version 0.22-a0-533-g4d20840 (webtiles) character file.

175577 emperorscorpion the Archmage (level 16, -3/100 HPs)
             Began as a Deep Elf Air Elementalist on June 22, 2018.
             Was the Champion of Sif Muna.
             Killed from afar by Boris (44 damage)
             ... with an iron shot
             ... in the Dungeon (Sprint IX: "|||||||||||||||||||||||||||||").
             The game lasted 00:55:32 (7702 turns).

emperorscorpion the Archmage (DEAE)                 Turns: 7702, Time: 00:55:33

Health: -3/100     AC: 16    Str: 11    XL:     16   Next: 9%
Magic:  31/49      EV: 21    Int: 31    God:    Sif Muna [******]
Gold:   101        SH:  5    Dex: 15    Spells: 2/69 levels left

rFire    . . .     SeeInvis .   a - +8 broad axe of Duamunib {chop, rElec Str+6}
rCold    + + .     Gourm    .   I - +0 buckler "Vuggid" {rPois rC+ Stlth-} (curse)
rNeg     . . .     Faith    .   H - +2 robe {rC+}
rPois    +         Spirit   .   r - +0 helmet
rElec    +         Reflect  .   K - +0 cloak {+Inv}
rCorr    .         Harm     .   U - +1 pair of gloves
MR       +....     NoTele   +   p - +1 pair of boots
Stlth    +.........             d - amulet of regeneration
HPRegen  0.66/turn              t - +3 ring of intelligence
MPRegen  0.31/turn              X - +4 ring of protection

@: no casting, deflect missiles
A: no striking features
}: 4/15 runes: decaying, serpentine, barnacled, gossamer
a: Stop Divine Energy, Channel Magic, Forget Spell, Renounce Religion, Evoke
Invisibility


You were in the Dungeon.
You worshipped Sif Muna.
Sif Muna was exalted by your worship.
You were hungry.

You visited 1 branch You collected 1933 gold pieces.
You spent 1832 gold pieces at shops.

Inventory:

Hand Weapons
 a - the +8 broad axe of Duamunib (weapon) {chop, rElec Str+6}
   (You found it in the Dungeon)

   It inflicts extra damage upon your enemies.
   It affects your strength (+6).
   It insulates you from electricity.
 f - a +4 eudemon blade of holy wrath
 P - a +1 demon whip
 Q - a +4 quarterstaff of speed
Armour
 e - +2 storm dragon scales
 p - a +1 pair of boots (worn)
 q - a +0 cloak
 r - a +0 helmet (worn)
 s - the cursed +0 chain mail of Duuklex {*Drain rN+ MR++ Str+3}
   (You bought it in a shop in the Dungeon)

   It affects your strength (+3).
   It protects you from negative energy.
   It affects your resistance to hostile enchantments.
   It causes draining when unequipped.
   It has a curse placed upon it.
 v - a +2 large shield
 C - a +0 pair of boots
 D - +0 acid dragon scales
 H - a +2 robe of cold resistance (worn)
 I - the cursed +0 buckler "Vuggid" (worn) {rPois rC+ Stlth-}
   (You bought it in a shop in the Dungeon)

   It protects you from cold.
   It protects you from poison.
   It makes you less stealthy.
   It has a curse placed upon it.
 K - a +0 cloak of invisibility (worn)
 R - a +1 large shield
 S - a +2 ring mail
 T - the +3 plate armour "Cycam" {Int+4}
   (You found it in the Dungeon)

   It affects your intelligence (+4).
 U - a +1 pair of gloves (worn)
Magical Staves
 b - an uncursed staff of energy
Jewellery
 d - an amulet of regeneration (around neck)
 t - a +3 ring of intelligence (left hand)
 L - an uncursed ring of protection from cold
 M - an uncursed ring of protection from cold
 N - an uncursed ring of protection from fire
 O - an uncursed ring of poison resistance
 W - an uncursed ring of protection from magic
 X - a +4 ring of protection (right hand)
 Y - a +6 ring of strength
 Z - a +6 ring of strength
Wands
 n - a wand of iceblast (13)
 G - a wand of clouds (4)
 J - a wand of polymorph (12)
Scrolls
 i - 3 scrolls of blinking
 l - 8 scrolls of remove curse
 m - 2 scrolls of amnesia
 w - 4 scrolls of identify
 x - 5 scrolls of fog
 y - a scroll of immolation
 z - 2 scrolls of enchant weapon
Potions
 c - 4 potions of mutation
 g - 4 potions of magic
 h - a potion of agility
 j - 5 potions of heal wounds
 k - 3 potions of curing
 o - a potion of brilliance
 u - a potion of haste
 A - 2 potions of berserk rage
 V - 5 potions of might
Comestibles
 B - 8 rations


   Skills:
 + Level 11.4 Fighting
 + Level 7.8 Armour
 + Level 12.1 Dodging
 - Level 2.6 Stealth
 - Level 4.2 Shields
 O Level 27 Spellcasting
 + Level 20.5 Conjurations
 + Level 6.0 Charms
 + Level 10.0 Transmutations
 + Level 11.5 Ice Magic
 + Level 20.3 Air Magic
 + Level 20.4 Invocations
 - Level 14.5 Evocations


You had 2 spell levels left.
You knew the following spells:

 Your Spells              Type           Power        Failure   Level  Hunger
a - Spellforged Servitor  Conj/Summ      #######...   7%          7    None
b - Blink                 Tloc           N/A          1%          2    None
c - Airstrike             Air            ########..   0%          4    None
d - Lightning Bolt        Conj/Air       ########..   0%          5    None
e - Mephitic Cloud        Conj/Pois/Air  #######.     0%          3    None
f - Freezing Cloud        Conj/Ice/Air   #######...   1%          6    None
g - Deflect Missiles      Chrm/Air       #######...   1%          6    None
h - Bolt of Cold          Conj/Ice       #######...   1%          6    None
i - Summon Butterflies    Summ           #####...     1%          1    None
j - Orb of Destruction    Conj           ########..   1%          7    None
k - Swiftness             Chrm/Air       #######.     0%          2    None
l - Ice Form              Ice/Tmut       #######.     1%          4    None
m - Ozocubu's Armour      Chrm/Ice       #######.     1%          3    None
n - Chain Lightning       Conj/Air       ########..   1%          8    #......
r - Regeneration          Chrm/Necr      ######....   1%          3    None

Your spell library contained the following spells:

 Spells                   Type           Power        Failure   Level  Hunger
 Cause Fear               Hex            #####.....   5%          4    None
 Magic Dart               Conj           ####         0%          1    None
 Conjure Flame            Conj/Fire      #######.     1%          3    None
 Bolt of Fire             Conj/Fire      #######...   1%          6    None
 Bolt of Magma            Conj/Fire/Erth ######....   1%          5    None
 Slow                     Hex            #####...     1%          2    None
 Confuse                  Hex            #####...     1%          3    None
 Invisibility             Hex            #####...     65%         6    None
 Throw Flame              Conj/Fire      ######       0%          2    None
 Throw Frost              Conj/Ice       ######       0%          2    None
 Controlled Blink         Tloc           N/A          100%        8    #......
 Ring of Flames           Chrm/Fire      ######....   80%         7    None
 Venom Bolt               Conj/Pois      #######...   1%          5    None
 Olgreb's Toxic Radiance  Pois           #####...     5%          4    None
 Death's Door             Chrm/Necr      ######....   100%        8    #......
 Bolt of Draining         Conj/Necr      #######...   1%          5    None
 Lehudib's Crystal Spear  Conj/Erth      #######...   50%         8    #......
 Fire Storm               Conj/Fire      #######...   100%        9    ####...
 Iskenderun's Mystic Bla  Conj           ########     0%          4    None
 Animate Dead             Necr           N/A          5%          4    None
 Pain                     Necr           ####         1%          1    None
 Haunt                    Necr/Summ      #####.....   99%         7    None
 Freeze                   Ice            ####         0%          1    None
 Ozocubu's Refrigeration  Ice            #######...   1%          6    None
 Sticky Flame             Conj/Fire      #######.     1%          4    None
 Summon Ice Beast         Ice/Summ       ######..     1%          4    None
 Call Imp                 Summ           #####...     1%          2    None
 Dispel Undead            Necr           #####...     16%         5    None
 Poison Arrow             Conj/Pois      #######...   1%          6    None
 Sting                    Conj/Pois      ####         0%          1    None
 Sublimation of Blood     Necr           #####.....   1%          2    None
 Iron Shot                Conj/Erth      #######...   1%          6    None
 Stone Arrow              Conj/Erth      ######       1%          3    None
 Shock                    Conj/Air       ####         0%          1    None
 Blade Hands              Tmut           #######...   1%          5    None
 Statue Form              Tmut/Erth      ######...    11%         6    None
 Dragon Form              Tmut           #######...   8%          7    None
 Throw Icicle             Conj/Ice       #######.     0%          4    None
 Glaciate                 Conj/Ice       #######...   63%         9    ####...
 Flame Tongue             Conj/Fire      #####        0%          1    None
 Passwall                 Tmut/Erth      ######..     1%          2    None
 Ignite Poison            Fire/Tmut/Pois ######..     1%          3    None
 Call Canine Familiar     Summ           #####...     1%          3    None
 Metabolic Englaciation   Hex/Ice        ######....   1%          5    None
 Silence                  Hex/Air        #######...   1%          5    None
 Dispersal                Tloc           #####.....   65%         6    None
 Static Discharge         Conj/Air       ########     0%          3    None
 Alistair's Intoxication  Tmut/Pois      ######..     1%          5    None
 Simulacrum               Ice/Necr       ######....   9%          6    None
 Conjure Ball Lightning   Conj/Air       ########..   1%          6    None
 Portal Projectile        Hex/Tloc       #####.       1%          3    None
 Petrify                  Tmut/Erth      ######..     1%          4    None
 Passage of Golubria      Tloc           N/A          5%          4    None
 Tornado                  Air            ########..   14%         9    ####...
 Leda's Liquefaction      Hex/Erth       #####.....   5%          4    None
 Summon Hydra             Summ           #####.....   99%         7    None
 Shroud of Golubria       Chrm/Tloc      ######....   1%          2    None
 Iskenderun's Battlesphe  Conj/Chrm      #######.     1%          5    None
 Fulminant Prism          Conj/Hex       #######...   1%          4    None
 Dazzling Spray           Conj/Hex       ######       1%          3    None
 Force Lance              Conj/Tloc      #######.     1%          4    None
 Infusion                 Chrm           ####         1%          1    None
 Song of Slaying          Chrm           ######..     1%          2    None
 Spectral Weapon          Hex/Chrm       ######..     1%          3    None
 Searing Ray              Conj           ######       0%          2    None
 Discord                  Hex            #####.....   100%        8    #......
 Summon Lightning Spire   Summ/Air       #######.     1%          4    None
 Dragon's Call            Summ           #####.....   100%        9    ####...
 Summon Mana Viper        Hex/Summ       #####...     16%         5    None
 Irradiate                Conj/Tmut      #######...   1%          5    None
 Gell's Gravitas          Tloc           #####.....   1%          3    None
 Infestation              Necr           #####.....   100%        8    #......
 Poisonous Vapours        Pois/Air       ######       0%          2    None


Dungeon Overview and Level Annotations

Branches:
Dungeon (1/1)

Altars:
Cheibriados
Dithmenos
Elyvilon
Fedhas
Gozag
Hepliaklqana
Kikubaaqudgha
Makhleb
Nemelex Xobeh
Okawaru
Qazlal
Ru
Sif Muna
Trog
Uskayaw
Vehumet
Wu Jian
Xom
Yredelemnul
Zin
The Shining One
Beogh
Jiyva
Lugonu

Shops:
D }[[[

Annotations:
D Boris


Message History

Aiming: Orb of Destruction (safe; 1% risk of failure)
Press: ? - help, Shift-Dir - straight line, f - you The wavering orb of destruction weakly hits something.
Sif Muna grants you divine energy.
You briefly lose access to your magic!
Something hits you but does no damage.
Something touches you but does no damage.
You feel somewhat more hungry.
Something conjures a glowing orb.
The wavering orb of destruction weakly hits you!
Unknown command.
You are unable to access your magic!
You miss something. Something hits you but does no damage.
Something touches you but does no damage.
Something conjures a glowing orb.
An orb of destruction comes into view.
The orb of destruction dissipates.
You hear some strange, mumbled words.
An iron shot appears from out of thin air!
The iron shot hits you!
You die...

▓▓▓▓▓▓▓▓▓▓▓▓▓▓▓▓▓▓▓▓
▓...▓...▓...▓...▓...
▓.▓.▓.▓.▓.▓.▓.▓.▓.▓.
▓.▓.▓.▓.▓.▓.▓(▓.▓)▓.
▓.▓@▓.▓.▓.▓.▓(▓)▓.▓)
▓.▓.▓.▓.▓.▓.▓.▓.▓.▓.
▓.▓.▓.▓.▓.▓.▓.▓.▓.▓.
▓.▓.▓.▓.▓.▓.▓.▓.▓.▓.
▓.▓.♣'♣.▓.▓.▓.▓)▓.▓.
▓.▓.♣[♣.▓.▓.▓(▓.▓.▓.
▓.♣[♣.▓.▓.▓.▓.▓.▓.
▓.♣†♣.▓.▓.▓.▓)▓)▓.
▓.♣†♣.▓.▓.▓(▓.▓)▓.


There were no monsters in sight!

Vanquished Creatures
  Mennas (D)
  Sojobo (D)
  Xtahua (D)
  Jory (D)
  Agnes (D)
  3 tengu reavers (D)
  2 thorn hunters (D)
  Ilsuiw (D)
  9 nagarajas (D)
  3 ghost moths (D)
  A vault warden (D)
  A frost giant (D)
  An emperor scorpion (D)
  A very ugly thing (D)
  An ironheart preserver (D)
  5 stone giants (D)
  Nessos (D)
  A spark wasp (D)
  4 merfolk javelineers (D)
  An ettin (D)
  A deep elf death mage (D)
  2 fire dragons (D)
  2 merfolk impalers (D)
  3 yaktaur captains (D)
  Josephine (D)
  Harold (D)
  2 ice dragons (D)
  3 hydras (D)
  A centaur warrior (D)
  2 ogre magi (D)
  3 merfolk aquamancers (D)
  2 death yaks (D)
  A deep troll shaman (D)
  2 naga sharpshooters (D)
  A spriggan berserker (D)
  2 shock serpents (D)
  2 swamp dragons (D)
  An unseen horror (D)
  A wizard (D)
  A mana viper (D)
  A necromancer (D)
  2 orc knights (D)
  5 orc sorcerers (D)
  A deep elf mage (D)
  3 wolf spiders (D)
  An orb spider (D)
  An ugly thing (D)
  A cyclops (D)
  A moth of wrath (D)
  An elephant (D)
  A manticore (D)
  3 water nymphs (D)
  A naga mage (D)
  5 guardian serpents (D)
  Joseph (D)
  A black mamba (D)
  An eye of devastation (shapeshifter) (D)
  Maurice (D)
  A torpor snail (D)
  A vault sentinel (D)
  2 spiny frogs (D)
  5 yaktaurs (D)
  3 komodo dragons (D)
  A freezing wraith (D)
  2 demonic crawlers (D)
  A rime drake (D)
  3 merfolk (D)
  3 jumping spiders (D)
  3 hornets (D)
  2 trolls (D)
  6 polar bears (D)
  2 slime creatures (D)
  A blink frog (D)
  A wind drake (D)
  2 bog bodies (D)
  5 wraiths (D)
  A yak (D)
  A tarantella (D)
  A basilisk (shapeshifter) (D)
  A basilisk (D)
  2 vampire mosquitoes (D)
  A naga (D)
  An acid dragon (D)
  A soldier ant (D)
  A floating eye (D)
  10 orc warriors (D)
  A porcupine (D)
  A swamp drake (D)
  2 black bears (D)
  An ogre (D)
  A wolf (D)
  A centaur (D)
  4 crocodiles (D)
  A big kobold (D)
  A bullfrog (D)
  A scorpion (D)
  A killer bee (D)
  A crimson imp (D)
  A quasit (D)
  A jelly (D)
  6 orc priests (D)
  13 orc wizards (D)
  An adder (D)
  A leopard gecko (D)
  4 orcs (D)
  A bat (D)
  A goblin (D)
  2 hobgoblins (D)
  A frilled lizard (D)
  A leopard gecko zombie (D)
  A quokka zombie (D)
  2 briar patches (D)
221 creatures vanquished.

Vanquished Creatures (collateral kills)
  Nikola (D)
  A thorn hunter (D)
  A vault warden (D)
  An ironheart preserver (D)
  A fire dragon (D)
  3 merfolk impalers (D)
  5 hydras (D)
  A merfolk avatar (D)
  A death knight (D)
  3 swamp dragons (D)
  4 wolf spiders (D)
  A yaktaur (D)
  2 demonic crawlers (D)
  A redback (D)
26 creatures vanquished.

Vanquished Creatures (others)
  2 briar patches (D)
2 creatures vanquished.

Grand Total: 249 creatures vanquished

Notes
Turn   | Place    | Note
-------+----------+-------------------------------------------
     0 | D        | emperorscorpion the Deep Elf Air Elementalist began the quest for the Orb.
     0 | D        | Reached XP level 1. HP: 10/10 MP: 6/6
    44 | D        | Noticed an ogre
    44 | D        | Noticed a centaur
    44 | D        | Noticed a quasit
    44 | D        | Noticed a scorpion
    52 | D        | Reached XP level 2. HP: 15/15 MP: 5/8
    59 | D        | Killed an ogre
    59 | D        | Reached XP level 3. HP: 25/27 MP: 5/9
    59 | D        | Reached XP level 4. HP: 30/32 MP: 6/11
    68 | D        | Killed a centaur
    68 | D        | Reached XP level 5. HP: 28/40 MP: 7/12
   168 | D        | Found a roughly hewn altar of Beogh.
   168 | D        | Found a snail-covered altar of Cheibriados.
   168 | D        | Found a shadowy altar of Dithmenos.
   168 | D        | Found a white marble altar of Elyvilon.
   168 | D        | Found a blossoming altar of Fedhas.
   168 | D        | Found an opulent altar of Gozag.
   169 | D        | Found a hazy altar of Hepliaklqana.
   170 | D        | Found a viscous altar of Jiyva.
   171 | D        | Found an ancient bone altar of Kikubaaqudgha.
   172 | D        | Found a corrupted altar of Lugonu.
   173 | D        | Found a burning altar of Makhleb.
   174 | D        | Found a sparkling altar of Nemelex Xobeh.
   175 | D        | Found an iron altar of Okawaru.
   176 | D        | Found a stormy altar of Qazlal.
   177 | D        | Found a sacrificial altar of Ru.
   178 | D        | Found a deep blue altar of Sif Muna.
   179 | D        | Found a bloodstained altar of Trog.
   180 | D        | Found a hide-covered altar of Uskayaw.
   181 | D        | Found a radiant altar of Vehumet.
   182 | D        | Found an ornate altar of the Wu Jian Council.
   183 | D        | Found a shimmering altar of Xom.
   184 | D        | Found a basalt altar of Yredelemnul.
   185 | D        | Found a glowing silver altar of Zin.
   186 | D        | Became a worshipper of Sif Muna the Loreminder
   187 | D        | Found a glowing golden altar of the Shining One.
   232 | D        | Learned a level 2 spell: Swiftness
   237 | D        | Learned a level 4 spell: Airstrike
   271 | D        | Noticed a soldier ant
   321 | D        | Reached XP level 6. HP: 44/48 MP: 9/13
   327 | D        | Reached * piety under Sif Muna
   327 | D        | Reached skill level 4 in Spellcasting
   327 | D        | Reached skill level 5 in Air Magic
   344 | D        | Learned a level 5 spell: Lightning Bolt
   479 | D        | Killed a soldier ant
   479 | D        | Reached skill level 5 in Dodging
   479 | D        | Reached skill level 5 in Spellcasting
   647 | D        | Noticed an orc warrior
   647 | D        | Noticed a deep elf mage
   647 | D        | Noticed a green ugly thing
   722 | D        | Killed an orc warrior
   722 | D        | Reached ** piety under Sif Muna
   722 | D        | Reached skill level 6 in Spellcasting
   722 | D        | Reached XP level 7. HP: 41/52 MP: 0/18
   738 | D        | Killed a cyan ugly thing
   738 | D        | Reached *** piety under Sif Muna
   738 | D        | Reached skill level 10 in Fighting
   738 | D        | Reached skill level 8 in Spellcasting
   738 | D        | Reached XP level 8. HP: 12/57 MP: 1/22
   843 | D        | Killed a deep elf mage
   843 | D        | Reached skill level 9 in Spellcasting
   843 | D        | Reached skill level 5 in Conjurations
  1021 | D        | Noticed a komodo dragon
  1021 | D        | Noticed a spiny frog
  1023 | D        | Reached **** piety under Sif Muna
  1025 | D        | Reached skill level 10 in Spellcasting
  1026 | D        | Killed a komodo dragon
  1026 | D        | Reached ***** piety under Sif Muna
  1026 | D        | Reached XP level 9. HP: 63/63 MP: 0/25
  1026 | D        | Killed a spiny frog
  1026 | D        | Reached skill level 11 in Spellcasting
  1026 | D        | Reached skill level 10 in Air Magic
  1077 | D        | Received a gift from Sif Muna
  1087 | D        | Learned a level 3 spell: Mephitic Cloud
  1094 | D        | Learned a level 6 spell: Freezing Cloud
  1347 | D        | Noticed a rime drake
  1347 | D        | Noticed a five-headed hydra
  1347 | D        | Noticed a komodo dragon
  1347 | D        | Noticed a komodo dragon
  1349 | D        | Killed a rime drake
  1349 | D        | Reached skill level 1 in Ice Magic
  1349 | D        | Killed a komodo dragon
  1349 | D        | Noticed an elephant
  1350 | D        | Noticed a death yak
  1352 | D        | Killed a five-headed hydra
  1352 | D        | Reached skill level 12 in Spellcasting
  1352 | D        | Reached XP level 10. HP: 59/68 MP: 1/28
  1353 | D        | Received a gift from Sif Muna
  1353 | D        | Noticed a death yak
  1408 | D        | Killed an elephant
  1408 | D        | Reached skill level 10 in Invocations
  1409 | D        | Killed a death yak
  1409 | D        | Reached skill level 13 in Spellcasting
  1409 | D        | Reached skill level 5 in Ice Magic
  1412 | D        | Killed a death yak
  1583 | D        | Reached skill level 10 in Conjurations
  1583 | D        | Received a gift from Sif Muna
  1622 | D        | Reached skill level 14 in Spellcasting
  1648 | D        | Learned a level 6 spell: Deflect Missiles
  1876 | D        | Noticed Joseph
  1881 | D        | Killed Joseph
  1977 | D        | Noticed a stone giant
  1978 | D        | Reached XP level 11. HP: 73/73 MP: 19/31
  1982 | D        | Killed a stone giant
  1982 | D        | Identified Sif Muna's Grimoire of the Boosting Arsonist (Sif Muna gifted it to you in the Dungeon)
  1982 | D        | Received a gift from Sif Muna
  1982 | D        | Reached skill level 1 in Charms
  1984 | D        | Noticed an orc knight
  2005 | D        | Killed an orc knight
  2086 | D        | Reached ****** piety under Sif Muna
  2086 | D        | Reached skill level 15 in Spellcasting
  2212 | D        | Learned a level 6 spell: Bolt of Cold
  2349 | D        | Noticed an orc knight
  2353 | D        | Received a gift from Sif Muna
  2356 | D        | Killed an orc knight
  2360 | D        | Learned a level 1 spell: Summon Butterflies
  2563 | D        | Found Muotashreu's Gadget Emporium.
  2563 | D        | Noticed an orc sorcerer
  2565 | D        | Killed an orc sorcerer
  2580 | D        | Found Faocineu's Armour Shoppe.
  2581 | D        | Noticed an orc sorcerer
  2584 | D        | Killed an orc sorcerer
  2593 | D        | Noticed an orc sorcerer
  2600 | D        | Killed an orc sorcerer
  2600 | D        | Received a gift from Sif Muna
  2605 | D        | Found Nuul's Armour Emporium.
  2605 | D        | Noticed an orc sorcerer
  2608 | D        | Noticed a sun demon
  2609 | D        | Noticed a sixfirhy
  2611 | D        | Killed an orc sorcerer
  2611 | D        | Reached skill level 16 in Spellcasting
  2621 | D        | Found Urhe's Armour Shoppe.
  2638 | D        | Noticed an orc sorcerer
  2642 | D        | Killed an orc sorcerer
  2720 | D        | Bought the cursed +0 buckler "Vuggid" {rPois rC+ Stlth-} for 183 gold pieces
  2751 | D        | Bought a +1 pair of boots for 115 gold pieces
  2751 | D        | Bought the cursed +0 chain mail of Duuklex {*Drain rN+ MR++ Str+3} for 218 gold pieces
  2765 | D        | Bought a wand of clouds (2) for 252 gold pieces
  2765 | D        | Bought a phantom mirror for 420 gold pieces
  2765 | D        | Bought a wand of polymorph (12) for 196 gold pieces
  2765 | D        | Bought a wand of clouds (3) for 294 gold pieces
  2765 | D        | Bought a wand of iceblast (7) for 154 gold pieces
  2781 | D        | Learned a level 3 spell: Regeneration
  2805 | D        | Noticed Maurice
  2809 | D        | Killed Maurice
  2914 | D        | Noticed Harold
  2922 | D        | Killed Harold
  2922 | D        | Reached skill level 1 in Shields
  2922 | D        | Reached skill level 1 in Evocations
  3114 | D        | Got the +8 broad axe of Duamunib {chop, rElec Str+6}
  3125 | D        | Got the +3 plate armour "Cycam" {Int+4}
  3166 | D        | Identified Sif Muna's Handbook of Conjuration (Sif Muna gifted it to you in the Dungeon)
  3166 | D        | Received a gift from Sif Muna
  3169 | D        | Noticed a yaktaur captain
  3175 | D        | Killed a yaktaur captain
  3175 | D        | Reached XP level 12. HP: 77/79 MP: 1/34
  3316 | D        | Noticed a stone giant
  3321 | D        | Killed a stone giant
  3321 | D        | Reached skill level 17 in Spellcasting
  3345 | D        | Noticed an ogre mage
  3348 | D        | Killed an ogre mage
  3349 | D        | Noticed an ice dragon
  3356 | D        | Noticed a fire dragon
  3358 | D        | Killed an ice dragon
  3358 | D        | Identified Acaymm's Reference Book on the Glacier and Damage Dealing (Sif Muna gifted it to you in the Dungeon)
  3358 | D        | Received a gift from Sif Muna
  3365 | D        | Killed a fire dragon
  3365 | D        | Reached skill level 5 in Evocations
  3474 | D        | Noticed a spark wasp
  3478 | D        | Killed a spark wasp
  3618 | D        | Noticed Agnes
  3625 | D        | Killed Agnes
  3625 | D        | Reached skill level 10 in Dodging
  3625 | D        | Reached skill level 18 in Spellcasting
  3821 | D        | Learned a level 6 spell: Bolt of Fire
  3869 | D        | Noticed a thorn hunter
  3871 | D        | Reached skill level 15 in Air Magic
  3871 | D        | Identified Sif Muna's Guide on Arcane Weapons (Sif Muna gifted it to you in the Dungeon)
  3871 | D        | Received a gift from Sif Muna
  3873 | D        | Killed a thorn hunter
  3874 | D        | Noticed a thorn hunter
  3882 | D        | Killed a thorn hunter
  4004 | D        | Learned a level 7 spell: Orb of Destruction
  4007 | D        | Reached skill level 19 in Spellcasting
  4007 | D        | Reached XP level 13. HP: 84/84 MP: 20/38
  4007 | D        | Received a gift from Sif Muna
  4011 | D        | Reached skill level 15 in Invocations
  4016 | D        | Learned a level 2 spell: Blink
  4158 | D        | Noticed a merfolk impaler
  4409 | D        | Killed a merfolk impaler
  4590 | D        | Received a gift from Sif Muna
  4742 | D        | Noticed a nagaraja
  4745 | D        | Reached skill level 20 in Spellcasting
  4747 | D        | Reached skill level 10 in Evocations
  4748 | D        | Killed a nagaraja
  4999 | D        | Noticed Nessos
  5003 | D        | Killed Nessos
  5003 | D        | Identified Sif Muna's Incunabulum of Shape Shifting (Sif Muna gifted it to you in the Dungeon)
  5003 | D        | Received a gift from Sif Muna
  5003 | D        | Reached skill level 15 in Conjurations
  5010 | D        | Learned a level 4 spell: Ice Form
  5090 | D        | Noticed Josephine
  5092 | D        | Killed Josephine
  5092 | D        | Reached skill level 21 in Spellcasting
  5092 | D        | Reached skill level 1 in Transmutations
  5289 | D        | Noticed a purple very ugly thing
  5289 | D        | Noticed a stone giant
  5291 | D        | Noticed a stone giant
  5297 | D        | Killed a purple very ugly thing
  5299 | D        | Killed a stone giant
  5299 | D        | Identified Netsoth's Compendium of Arcane Weapons and Curses (Sif Muna gifted it to you in the Dungeon)
  5299 | D        | Received a gift from Sif Muna
  5301 | D        | Killed a stone giant
  5309 | D        | Reached skill level 22 in Spellcasting
  5413 | D        | Noticed a stone giant
  5419 | D        | Killed a stone giant
  5419 | D        | Received a gift from Sif Muna
  5419 | D        | Reached XP level 14. HP: 28/90 MP: 1/42
  5584 | D        | Reached skill level 5 in Transmutations
  5936 | D        | Noticed a frost giant
  5937 | D        | Reached skill level 23 in Spellcasting
  5943 | D        | Killed a frost giant
  5943 | D        | Identified Sif Muna's Handbook of Excruciating Sinister Arts (Sif Muna gifted it to you in the Dungeon)
  5943 | D        | Received a gift from Sif Muna
  5962 | D        | Learned a level 3 spell: Ozocubu's Armour
  6078 | D        | Learned a level 7 spell: Spellforged Servitor
  6172 | D        | Reached skill level 24 in Spellcasting
  6257 | D        | Noticed a tengu reaver
  6263 | D        | Killed a tengu reaver
  6263 | D        | Identified Sif Muna's Handbook of Attacks (Sif Muna gifted it to you in the Dungeon)
  6263 | D        | Received a gift from Sif Muna
  6370 | D        | Noticed a vault warden
  6370 | D        | Noticed an ironheart preserver
  6375 | D        | Killed an ironheart preserver
  6375 | D        | Killed a vault warden
  6377 | D        | Noticed an ironheart preserver
  6383 | D        | Killed an ironheart preserver
  6395 | D        | Identified Sif Muna's Reference Book on Unholy Feathers (Sif Muna gifted it to you in the Dungeon)
  6395 | D        | Received a gift from Sif Muna
  6401 | D        | Noticed a vault warden
  6423 | D        | Killed a vault warden
  6423 | D        | Reached skill level 25 in Spellcasting
  6540 | D        | Noticed Mennas
  6607 | D        | Killed Mennas
  6766 | D        | Noticed Jory
  6773 | D        | Killed Jory
  6773 | D        | Identified Sif Muna's Papyrus of Harmful Hexes (Sif Muna gifted it to you in the Dungeon)
  6773 | D        | Received a gift from Sif Muna
  6773 | D        | Reached skill level 26 in Spellcasting
  6853 | D        | Noticed a tengu reaver
  6860 | D        | Killed a tengu reaver
  6863 | D        | Noticed Sojobo
  6874 | D        | Killed Sojobo
  6874 | D        | Reached XP level 15. HP: 67/94 MP: 3/47
  6886 | D        | Noticed a tengu reaver
  6891 | D        | Killed a tengu reaver
  6891 | D        | Reached skill level 27 in Spellcasting
  6891 | D        | Reached skill level 10 in Transmutations
  7100 | D        | Noticed Xtahua
  7113 | D        | Killed Xtahua
  7113 | D        | Identified Sif Muna's Grimoire of Shape Shifting (Sif Muna gifted it to you in the Dungeon)
  7113 | D        | Received a gift from Sif Muna
  7179 | D        | Noticed a thorn hunter
  7187 | D        | Killed a thorn hunter
  7191 | D        | Reached skill level 5 in Armour
  7211 | D        | Received a gift from Sif Muna
  7222 | D        | Got a decaying rune of Zot
  7270 | D        | Noticed Ilsuiw
  7278 | D        | Killed Ilsuiw
  7347 | D        | Received a gift from Sif Muna
  7385 | D        | Learned a level 8 spell: Chain Lightning
  7402 | D        | Got a barnacled rune of Zot
  7409 | D        | Noticed a nagaraja
  7409 | D        | Noticed a nagaraja
  7409 | D        | Noticed a nagaraja
  7411 | D        | Noticed a nagaraja
  7412 | D        | Killed a nagaraja
  7412 | D        | Reached skill level 5 in Charms
  7412 | D        | Reached skill level 10 in Ice Magic
  7412 | D        | Killed a nagaraja
  7412 | D        | Noticed a nagaraja
  7413 | D        | Killed a nagaraja
  7413 | D        | Killed a nagaraja
  7413 | D        | Identified Sif Muna's Compendium of Sinister Dislocation (Sif Muna gifted it to you in the Dungeon)
  7413 | D        | Received a gift from Sif Muna
  7415 | D        | Noticed a nagaraja
  7416 | D        | Killed a nagaraja
  7416 | D        | Noticed a nagaraja
  7417 | D        | Killed a nagaraja
  7418 | D        | Noticed a nagaraja
  7420 | D        | Killed a nagaraja
  7420 | D        | Killed a nagaraja
  7421 | D        | Identified Sif Muna's Incunabulum of Conjuration (Sif Muna gifted it to you in the Dungeon)
  7421 | D        | Received a gift from Sif Muna
  7438 | D        | Got a serpentine rune of Zot
  7486 | D        | Killed a ghost moth
  7486 | D        | Killed a ghost moth
  7486 | D        | Reached XP level 16. HP: 100/100 MP: 0/49
  7503 | D        | Received a gift from Sif Muna
  7587 | D        | Got a gossamer rune of Zot
  7626 | D        | Noticed Nikola
  7639 | D        | Killed Nikola
  7691 | D        | Noticed Boris
  7702 | D        | Killed from afar by Boris

Vault maps used:
D:        linesprint

Skill      XL: |  1  2  3  4  5  6  7  8  9 10 11 12 13 14 15 16 |
---------------+-------------------------------------------------+-----
Air Magic      | 4 7 8 9 11 12 14 15 16 17 20 | 20.3
Dodging        | 3 5 6 7 8 9 10 11 12 | 12.1
Fighting       | 6 8 9 10 11 | 11.4
Spellcasting   | 6 8 10 12 14 16 19 22 26 27 | 27.0
Invocations    | 4 6 8 9 11 13 14 16 18 20 | 20.4
Conjurations   | 2 4 6 8 10 12 14 15 16 20 | 20.5
Ice Magic      | 3 5 7 8 9 11 | 11.5
Charms         | 2 3 4 5 6 |  6.0
Shields        | 2 4 |  4.2
Evocations     | 3 8 11 13 14 | 14.5
Transmutations | 4 9 10 | 10.0
Armour         | 7 |  7.8
Stealth        | |  2.6

Action                   |  1- 3 |  4- 6 |  7- 9 | 10-12 | 13-15 | 16-18 || total
-------------------------+-------+-------+-------+-------+-------+-------++-------
Melee: Unarmed           |     6 |    16 |       |       |       |       ||    22
       Quarterstaff      |       |    25 |    17 |     5 |       |       ||    47
       Staff             |       |       |       |    22 |       |       ||    22
       Broad axe         |       |       |       |       |     1 |     1 ||     2
Throw: Stone             |       |       |       |     2 |       |       ||     2
 Cast: Shock             |     6 |    14 |       |       |       |       ||    20
       Swiftness         |       |     1 |       |       |     1 |       ||     2
       Airstrike         |       |     5 |       |    13 |    27 |       ||    45
       Lightning Bolt    |       |     3 |    16 |    72 |     7 |       ||    98
       Freezing Cloud    |       |       |       |    22 |    10 |     1 ||    33
       Deflect Missiles  |       |       |       |     1 |       |     1 ||     2
       Bolt of Cold      |       |       |       |     3 |     5 |     2 ||    10
       Bolt of Fire      |       |       |       |     2 |       |       ||     2
       Regeneration      |       |       |       |     1 |     6 |       ||     7
       Mephitic Cloud    |       |       |       |     1 |     1 |       ||     2
       Orb of Destructio |       |       |       |       |    84 |     6 ||    90
       Blink             |       |       |       |       |    15 |       ||    15
       Spellforged Servi |       |       |       |       |     9 |     2 ||    11
       Chain Lightning   |       |       |       |       |     8 |       ||     8
Invok: Divine Energy     |       |     1 |       |       |       |       ||     1
       Channel Magic     |       |       |       |     5 |     9 |     2 ||    16
       Forget Spell      |       |       |       |     1 |     1 |       ||     2
 Abil: Evoke Invisibilit |       |       |       |       |     1 |       ||     1
Evoke: Wand              |       |       |     1 |     3 |     5 |     5 ||    14
       Staff of energy   |       |       |       |     6 |     6 |       ||    12
       Phantom mirror    |       |       |       |       |     2 |       ||     2
  Use: Potion            |     1 |     4 |     1 |     1 |     4 |       ||    11
       Scroll            |       |       |       |     1 |     2 |       ||     3
 Stab: Invisible         |       |     3 |     1 |       |       |       ||     4
  Eat: Ration            |       |       |     1 |     1 |     1 |       ||     3
       Chunk             |       |       |     1 |     9 |    10 |       ||    20
Armor: Robe              |     1 |     9 |       |    11 |    10 |     8 ||    39
Dodge: Dodged            |     2 |    54 |    23 |    50 |    20 |     8 ||   157
       Deflected         |       |       |       |     4 |     9 |       ||    13
Block: Buckler           |       |       |       |     2 |     5 |     1 ||     8

Table legend:
 A = Spawn XP
 B = Non-spawn XP
 C = Spawn XP percentage of total XP
 D = Spawn monster count
 E = Non-spawn monster count
 F = Spawn count percentage of total count
 G = Total turns spent on level
                    A         B        C        D         E        F      G
               +---------+---------+-------+---------+---------+-------+---------
         Total |       0 |  159396 |   0.0 |       0 |     245 |   0.0 |  7702
               +---------+---------+-------+---------+---------+-------+---------
             D |       0 |  159396 |   0.0 |       0 |     245 |   0.0 |  7702
               +---------+---------+-------+---------+---------+-------+---------
